 Dungeon Crawl Stone Soup version 0.23.2-11-gf996548c65 (webtiles) character file.

Game seed: 1531360091859930076

43915 ponchio the Fighter (level 14, -1/91 HPs)
             Began as a Gargoyle Fighter on May 27, 2019.
             Was a High Priest of the Shining One.
             Slain by a black mamba (10 damage)
             ... on level 4 of the Lair of Beasts on June 6, 2019.
             The game lasted 01:41:18 (19912 turns).

ponchio the Fighter (Gargoyle Fighter)             Turns: 19912, Time: 01:41:19

Health: -1/91      AC: 26    Str: 20    XL:     14   Next: 26%
Magic:  14/14      EV: 24    Int: 10    God:    the Shining One [*****.]
Gold:   1120       SH: 15    Dex: 18    Spells: 13/13 levels left

rFire    + + +     SeeInvis .   E - +7 mace
rCold    + + .     Gourm    .   c - +0 shield
rNeg     + + +     Faith    .   h - +1 ring mail
rPois    ∞         Spirit   .   (no helmet)
rElec    +         Reflect  +   L - scarf {rC+ rF+}
rCorr    +         Harm     .   J - +0 pair of gloves
MR       +....                  q - +2 pair of boots
Stlth    +.........             u - +3 amulet of reflection
HPRegen  0.25/turn              e - +3 ring of protection
MPRegen  0.14/turn              B - ring of protection from fire

@: agile, resistant, flying, glowing
A: big wings, negative energy resistance 1, electricity resistance, unbreathing,
petrification resistance, rot immunity, AC +10
a: Stop Flying, Divine Shield, Cleansing Flame, Summon Divine Warrior, Renounce
Religion


You were on level 4 of the Lair of Beasts.
You worshipped the Shining One.
The Shining One was extremely pleased with you.
You were not hungry.

You visited 3 branches of the dungeon, and saw 15 of its levels.
You also visited: Ossuary and Gauntlet.

You collected 1120 gold pieces.

Inventory:

Hand Weapons
 t - a +2 mace of holy wrath
 E - a +7 mace (weapon)
Armour
 c - a +0 shield (worn)
 h - a +1 ring mail (worn)
 k - the -4 pair of boots of True Grit {rCorr Int+5}
   (You found it in a Gauntlet)

   It affects your intelligence (+5).
   It provides partial protection from all sources of acid and corrosion.
 q - a +2 pair of boots (worn)
 J - a +0 pair of gloves (worn)
 L - a scarf of resistance (worn)
 N - a +2 chain mail of magic resistance
 P - a +0 pair of gloves
Jewellery
 e - a +3 ring of protection (left hand)
 u - a +3 amulet of reflection (around neck)
 w - the ring "Gere" {*Tele Str+4 Int+5}
   (You found it in a Gauntlet)

   [ring of teleportation]

   It may teleport you next to monsters.
   It affects your strength (+4).
   It affects your intelligence (+5).
 B - a ring of protection from fire (right hand)
 C - an uncursed ring of resist corrosion
 F - the ring "Joanediwk" {*Contam Str+4 Int+6 Dex+2}
   (You took it off a minotaur in a Gauntlet)

   [ring of strength]

   It affects your strength (+4).
   It affects your intelligence (+6).
   It affects your dexterity (+2).
   It causes magical contamination when unequipped.
 G - an uncursed ring of ice
 U - an uncursed amulet of regeneration {unknown}
 V - a +3 ring of intelligence {unknown}
Wands
 g - a wand of iceblast (8)
 y - a wand of acid (11)
 D - a wand of disintegration (18)
 K - a wand of digging (5)
 O - a wand of flame (16)
 T - a wand of paralysis (5)
 W - a wand of enslavement (8)
Scrolls
 j - 3 scrolls of magic mapping
 l - 3 scrolls of remove curse
 m - a scroll of enchant weapon
 z - 2 scrolls of enchant armour
 A - 3 scrolls of immolation
 I - a scroll of fear
 Q - a scroll of holy word {unknown}
Potions
 a - 2 potions of brilliance
 d - a potion of might
 o - 2 potions of curing
 p - 4 potions of flight
 s - 4 potions of lignification
 x - 4 potions of magic
 H - 2 potions of mutation
 R - a potion of cancellation
 S - a potion of invisibility
Comestibles
 f - 31 rations


   Skills:
 + Level 11.9 Fighting
 + Level 11.6 Maces & Flails
 - Level 10.4 Armour
 * Level 11.8 Dodging
 - Level 10.4 Shields


You had 13 spell levels left.
You didn't know any spells.
Your spell library contained the following spells:

 Spells                   Type           Power        Failure   Level  Hunger
 Poisonous Vapours        Pois/Air       #.....       83%         2    ###....
 Conjure Flame            Conj/Fire      #.......     97%         3    ####...
 Mephitic Cloud           Conj/Pois/Air  #.......     97%         3    ####...
 Freezing Cloud           Conj/Ice/Air   #.........   100%        6    #######
 Ring of Flames           Chrm/Fire      #.........   100%        7    #######


Dungeon Overview and Level Annotations

Branches:
Dungeon (8/15)             Temple (1/1) D:7            Lair (6/6) D:8
 Shoals (0/4) Lair:2       Spider (0/4) Lair:3        Slime (0/5) Lair:6

Altars:
Ashenzari
Cheibriados
Dithmenos
Elyvilon
Fedhas
Gozag
Hepliaklqana
Kikubaaqudgha
Makhleb
Nemelex Xobeh
Okawaru
Qazlal
Ru
Sif Muna
Trog
Uskayaw
Vehumet
Wu Jian
Xom
Yredelemnul
Zin
The Shining One

Annotations:
Lair:4 1 transporter, bmj180's ghost, journeyman TrMo
Lair:5 exclusion: 2 oklob plants
Lair:6 3 runed translucent doors, Sonja


Innate Abilities, Weirdness & Mutations

You are resistant to torment.
Your stone body is resilient. (AC +10)
You are immune to poison.
Your large and strong wings let you fly indefinitely.
You resist negative energy. (rN+)
You are resistant to electric shocks. (rElec)
You can survive without breathing.
You are immune to petrification.
You are immune to rotting.


Message History

The spiny frog is severely wounded.
The spiny frog completely misses you.
The water moccasin bites you but does no damage.
You block the wolf spider's attack.
The wolf spider bites you but does no damage.
The black mamba completely misses you. You block the yak's attack.
You hit the spiny frog.
The spiny frog is almost dead.
You block the wolf spider's attack. The wolf spider bites you!
* * * LOW HITPOINT WARNING * * *
The spiny frog stings you!
* * * LOW HITPOINT WARNING * * *
Bmj180's ghost hits you.
* * * LOW HITPOINT WARNING * * *
The black mamba completely misses you.
The water moccasin bites you but does no damage.
You block the wolf spider's attack. The wolf spider bites you!
* * * LOW HITPOINT WARNING * * *
You feel better. You block the spiny frog's attack. The black mamba bites you!
You die...

##.........###
##..........###
##.............####
#P...###©####.....##
##..##y###..#####.P#
#.##...W..#....#..### ##
####.#....#...#...##...# .#
#.##.#FW##..#Ws....#.P.#
.####...#YY.#.tS@Y##.y#.#.###
.##.#..##.#....S#F....#.....#
....##.#....###[..##.##.....#
....##.##..#.?|=[...,#......#
........###.,#####..##......#
..........####.©.####.......#
####........................#
.⌠.#........................#
............................#


You could see a wolf spider, a black mamba, a yak, a spiny frog, a water
moccasin, a crocodile and bmj180's ghost.

Vanquished Creatures
  Rupert (Lair:3)
  A minotaur (Gauntlet)
  Harold (D:7)
  2 hydras
  7 death yaks
  A death scarab (Gauntlet)
  A spectral death yak (Gauntlet)
  A wretched star (Gauntlet)
  Pikel (D:4)
  A moth of wrath (Lair:4)
  3 elephants (Lair:5)
  7 black mambas
  24 spiny frogs
  A torpor snail (Lair:6)
  2 rime drakes
  9 komodo dragons
  2 tyrant leeches (Lair:5)
  2 jumping spiders (Lair:3)
  19 blink frogs
  A dream sheep (Lair:4)
  5 hippogriffs
  3 shadows (Gauntlet)
  2 redbacks (Lair:3)
  A spriggan (D:7)
  2 wyverns (Lair:3)
  17 yaks
  2 basilisks
  6 vampire mosquitoes
  A neqoxec (Gauntlet)
  7 porcupines
  13 water moccasins
  A black bear (D:7)
  An ice beast (D:7)
  6 phantoms
  17 wolves
  3 centaurs
  2 ogres (D:4)
  7 crocodiles
  2 elf zombies (Ossuary)
  19 bullfrogs
  A wyvern skeleton (D:7)
  4 scorpions
  7 killer bees
  3 wights (D:8)
  4 electric eels
  2 howler monkeys
  3 crimson imps
  A human zombie (Ossuary)
  2 centaur zombies (Ossuary)
  3 hounds
  6 orc priests
  2 bullfrog skeletons (D:4)
  2 jellies
  Crazy Yiuf (D:4)
  5 orc wizards
  2 worker ants
  2 hell rats (Lair:6)
  3 big kobold zombies (Ossuary)
  2 mummies (Ossuary)
  A hound skeleton (D:4)
  A worker ant zombie (D:7)
  11 adders
  4 gnolls (D:7)
  2 oozes
  6 worms
  2 dart slugs
  5 leopard geckos
  35 orcs
  10 bats
  5 giant cockroaches
  4 goblins
  9 hobgoblins
  8 jackals
  5 kobolds
  A quokka (D:7)
  A ball python skeleton (D:6)
  6 frilled lizards
  2 goblin zombies (Ossuary)
  9 hobgoblin zombies (Ossuary)
  2 jackal skeletons (D:4)
  2 jackal zombies
  11 kobold zombies (Ossuary)
  6 orc zombies (Ossuary)
  A quokka skeleton (D:4)
  2 rats (D:2)
410 creatures vanquished.

Vanquished Creatures (others)
  A slave (D:4)
  3 centaurs
  An orc (D:7)
  A jackal (D:4)
  A bush (Lair:6)
  21 fungi
  31 plants
59 creatures vanquished.

Grand Total: 469 creatures vanquished

Notes
Turn   | Place    | Note
-------+----------+-------------------------------------------
     0 | D:1      | ponchio the Gargoyle Fighter began the quest for the Orb.
     0 | D:1      | Reached XP level 1. HP: 14/14 MP: 1/1
   269 | D:1      | Reached XP level 2. HP: 19/19 MP: 2/2
   279 | D:1      | Upgraded the game from 0.23.2-1-ga50397a to
                  | 0.23.2-11-gf996548c65
   978 | D:2      | Reached XP level 3. HP: 17/24 MP: 3/3
  1392 | D:2      | Reached XP level 4. HP: 29/30 MP: 4/4
  1906 | D:3      | Found an iron altar of Okawaru.
  2083 | D:3      | Reached XP level 5. HP: 34/34 MP: 5/5
  2131 | D:3      | Reached skill level 5 in Fighting
  2417 | D:4      | Noticed a phantom
  3104 | D:4      | Reached XP level 6. HP: 32/40 MP: 6/6
  3234 | D:3      | Killed a phantom
  3295 | D:4      | Reached skill level 5 in Maces & Flails
  3398 | D:4      | Reached XP level 7. HP: 47/47 MP: 7/7
  3527 | D:4      | You fall through a shaft for 3 floors!
  3587 | D:7      | Found a shattered altar of Ashenzari.
  3847 | D:6      | Reached XP level 8. HP: 49/54 MP: 8/8
  3913 | D:6      | Found an opulent altar of Gozag.
  4102 | D:5      | Entered Level 5 of the Dungeon
  4163 | D:5      | Found a sand-covered staircase.
  4173 | Ossuary  | Entered an ossuary
  4825 | D:5      | Found a hide-covered altar of Uskayaw.
  4895 | D:5      | Found a radiant altar of Vehumet.
  4912 | D:5      | Reached skill level 1 in Dodging
  4913 | D:5      | Found a shattered altar of Ashenzari.
  4913 | D:5      | Found a stormy altar of Qazlal.
  5121 | D:5      | Reached XP level 9. HP: 60/60 MP: 9/9
  5468 | D:4      | Noticed Pikel
  5508 | D:4      | Killed Pikel
  5508 | D:4      | Reached skill level 5 in Shields
  5579 | D:4      | Reached skill level 5 in Armour
  5889 | D:4      | Found a runed translucent door.
  5890 | D:4      | Noticed Crazy Yiuf
  6027 | D:4      | Killed Crazy Yiuf
  6622 | D:6      | Found a glowing golden altar of the Shining One.
  6639 | D:6      | Found a shimmering altar of Xom.
  6657 | D:6      | Became a worshipper of the Shining One
  7133 | D:7      | Reached XP level 10. HP: 65/65 MP: 10/10
  7134 | D:7      | Noticed Harold
  7155 | D:7      | Killed Harold
  7527 | D:7      | Found a staircase to the Ecumenical Temple.
  7719 | Temple   | Entered the Ecumenical Temple
  7814 | D:8      | Found a shadowy altar of Dithmenos.
  7859 | D:8      | Found a shimmering altar of Xom.
  7935 | D:8      | Found a white marble altar of Elyvilon.
  8012 | D:8      | Reached * piety under the Shining One
  8104 | D:8      | Found Vacox's Distillery.
  8332 | D:8      | Found a staircase to the Lair.
  8341 | D:8      | Reached skill level 5 in Dodging
  8871 | Lair:1   | Entered Level 1 of the Lair of Beasts
  8871 | Lair:1   | Noticed a spiny frog
  8894 | D:8      | Killed a spiny frog
  9294 | Lair:1   | Reached XP level 11. HP: 29/69 MP: 11/11
  9763 | Lair:1   | Noticed a seven-headed hydra
  9792 | Lair:1   | Killed a seven-headed hydra
 10492 | Lair:2   | Reached ** piety under the Shining One
 10609 | Lair:2   | Got a slimy chain mail
 10635 | Lair:1   | Identified the cursed +1 chain mail of the Vestibule of
                  | Hell {rN+ MR- rCorr} (You found it on level 2 of the Lair
                  | of Beasts)
 10663 | Lair:2   | Found a staircase to the Shoals.
 11559 | Lair:3   | Reached XP level 12. HP: 66/76 MP: 12/12
 12176 | Lair:3   | Noticed a death yak
 12176 | Lair:3   | Noticed a death yak
 12176 | Lair:3   | Noticed a death yak
 12219 | Lair:2   | Killed a death yak
 12219 | Lair:2   | Reached skill level 10 in Armour
 12219 | Lair:2   | Reached skill level 10 in Shields
 12233 | Lair:3   | Noticed a death yak
 12259 | Lair:2   | Killed a death yak
 12474 | Lair:3   | Noticed a death yak
 12492 | Lair:2   | Killed a death yak
 12774 | Lair:3   | Noticed Rupert
 12848 | Lair:3   | Paralysed by Rupert for 2 turns
 12863 | Lair:3   | Killed Rupert
 13349 | Lair:3   | Found a hole to the Spider Nest.
 13399 | Lair:3   | Reached skill level 10 in Fighting
 13399 | Lair:3   | Reached skill level 10 in Maces & Flails
 13830 | Lair:3   | Killed a death yak
 13830 | Lair:3   | Reached XP level 13. HP: 56/82 MP: 13/13
 14242 | Lair:4   | Found a gate leading to a gauntlet.
 14287 | Gauntlet | Entered a Gauntlet
 14287 | Gauntlet | Found a large runed translucent door.
 14287 | Gauntlet | Found a large runed translucent door.
 14287 | Gauntlet | Found a large runed translucent door.
 14287 | Gauntlet | Found a large runed translucent door.
 14287 | Gauntlet | Found a large runed translucent door.
 14287 | Gauntlet | Found a large runed translucent door.
 14287 | Gauntlet | Found a transporter.
 14287 | Gauntlet | Found a large runed translucent door.
 14287 | Gauntlet | Found a large runed translucent door.
 14287 | Gauntlet | Found a runed translucent door.
 14287 | Gauntlet | Found a runed translucent gate.
 14287 | Gauntlet | Found a runed translucent gate.
 14287 | Gauntlet | Found a transporter.
 14287 | Gauntlet | Found a transporter.
 14288 | Gauntlet | Found a runed translucent door.
 14288 | Gauntlet | Found a runed translucent gate.
 14483 | Gauntlet | Found a large runed translucent door.
 14483 | Gauntlet | Found a large runed translucent door.
 14483 | Gauntlet | Found a large runed translucent door.
 14483 | Gauntlet | Found a large runed translucent door.
 14484 | Gauntlet | Found a large runed translucent door.
 14485 | Gauntlet | Found a large runed translucent door.
 14489 | Gauntlet | Found a large runed translucent door.
 14489 | Gauntlet | Found a large runed translucent door.
 14501 | Gauntlet | Found a transporter.
 14519 | Gauntlet | Found a transporter.
 14522 | Gauntlet | Found a transporter.
 14533 | Gauntlet | Reached *** piety under the Shining One
 14542 | Gauntlet | Found a transporter.
 14560 | Gauntlet | Found a transporter.
 14564 | Gauntlet | Found a transporter.
 14567 | Gauntlet | Found a transporter.
 14575 | Gauntlet | Found a transporter.
 14578 | Gauntlet | Found a transporter.
 14747 | Gauntlet | Reached skill level 10 in Dodging
 14991 | Gauntlet | Got a pair of transparent boots
 14993 | Gauntlet | Got a translucent steel ring
 15009 | Gauntlet | Identified the -4 pair of boots of True Grit {rCorr Int+5}
                  | (You found it in a Gauntlet)
 15030 | Gauntlet | Identified the ring "Joanediwk" {*Contam Str+4 Int+6 Dex+2}
 15030 | Gauntlet | Noticed a minotaur
 15054 | Gauntlet | Killed a minotaur
 15263 | Gauntlet | Identified the ring "Gere" {*Tele Str+4 Int+5} (You found
                  | it in a Gauntlet)
 15353 | Lair:4   | Found a transporter.
 15356 | Lair:4   | Noticed bmj180's ghost (journeyman TrMo)
 15367 | Lair:4   | Found a transporter.
 17746 | Lair:6   | Entered Level 6 of the Lair of Beasts
 17842 | Lair:6   | Reached **** piety under the Shining One
 18786 | Lair:6   | Gained mutation: Your large and strong wings let you fly
                  | indefinitely. [Gargoyle growth]
 18786 | Lair:6   | Reached XP level 14. HP: 88/90 MP: 14/14
 19003 | Lair:6   | Found a runed translucent gate.
 19003 | Lair:6   | Found a runed translucent gate.
 19003 | Lair:6   | Found a runed translucent gate.
 19006 | Lair:6   | Noticed Sonja
 19539 | Lair:6   | Reached ***** piety under the Shining One
 19902 | Lair:4   | HP: 3/91 [bmj180's ghost (9)]
 19903 | Lair:4   | The Shining One protects you from harm!
 19911 | Lair:4   | HP: 2/91 [wolf spider (9)]
 19912 | Lair:4   | Slain by a black mamba

Skill      XL: |  1  2  3  4  5  6  7  8  9 10 11 12 13 |
---------------+----------------------------------------+-----
Fighting       | 4 5 6 7 8 9 10 11 | 11.9
Maces & Flails | 3 4 5 6 7 8 9 10 11 | 11.6
Dodging        | 1 4 6 8 9 11 | 11.8
Armour         | 4 6 8 9 10 | 10.4
Shields        | 4 6 8 9 10 | 10.4

Action                   |  1- 3 |  4- 6 |  7- 9 | 10-12 | 13-15 || total
-------------------------+-------+-------+-------+-------+-------++-------
Melee: Flail             |   160 |    75 |       |       |       ||   235
       Mace              |       |   173 |   490 |   776 |   723 ||  2162
 Abil: Fly               |       |       |       |       |     1 ||     1
  Use: Scroll            |       |     9 |     7 |     4 |    14 ||    34
       Potion            |       |       |       |     3 |    23 ||    26
  Eat: Chunk             |     2 |     7 |    13 |     6 |     9 ||    37
       Ration            |       |       |       |     5 |     3 ||     8
Armor: Ring mail         |   114 |   118 |   223 |   286 |   212 ||   953
       Scale mail        |     2 |       |       |       |       ||     2
       Chain mail        |       |       |       |       |   143 ||   143
Dodge: Dodged            |    73 |    81 |   145 |   303 |   536 ||  1138
Block: Shield            |   100 |   159 |   340 |   586 |   759 ||  1944
       Reflection        |       |       |    20 |     2 |     9 ||    31
